 Dungeon Crawl Stone Soup version 0.28-a0-1524-ge72afd5fc6 (webtiles) character file.

Game seed: 10610984772445635589

33 HallandMoats the Skirmisher (level 3, 0/33 HPs)
             Began as a Ghoul Fighter on Jan 17, 2022.
             Slain by Sigmund (8 damage)
             ... on level 2 of the Dungeon.
             The game lasted 00:01:09 (1354 turns).

HallandMoats the Skirmisher (Ghoul Fighter)         Turns: 1354, Time: 00:01:10

Health: 0/33       AC:  7    Str: 19    XL:     3   Next: 29%
Magic:  2/2        EV:  9    Int:  5    God:
Gold:   39         SH:  4    Dex:  8    Spells: 2/2 levels left

rFire   . . .      SeeInvis .   a - +0 flail
rCold   + . .      Faith    .   c - +0 buckler
rNeg    + + +      Spirit   .   b - +0 scale mail
rPois   ∞          Reflect  .   (no helmet)
rElec   .          Harm     .   (no cloak)
rCorr   .          Rampage  .   (no gloves)
Will    .....                   l - +0 pair of boots
Stlth   ..........              f - amulet of the acrobat
HPRegen 0.00/turn               (no ring)
MPRegen 0.08/turn               (no ring)

@: mighty, inhibited regen
A: claws 1, cold resistance 1, negative energy resistance 3, inhibited
regeneration, torment resistance 2
a: no special abilities


You were on level 2 of the Dungeon.
You visited 1 branch of the dungeon, and saw 2 of its levels.

You collected 39 gold pieces.

Inventory:

Hand Weapons
 a - a +0 flail (weapon)
Armour
 b - a +0 scale mail (worn)
 c - a +0 buckler (worn)
 l - a +0 pair of boots (worn)
Jewellery
 f - an amulet of the acrobat (around neck)
Scrolls
 g - a scroll of identify {unknown}
 i - a scroll of enchant weapon {unknown}
 k - a scroll of amnesia {unknown}
Potions
 e - a potion of curing {unknown}
 h - a potion of magic {unknown}
 j - a potion of lignification {unknown}


   Skills:
 * Level 3.8 Fighting
 * Level 2.2 Maces & Flails
 + Level 2.8 Armour
 + Level 0.4 Dodging
 + Level 3.0 Shields


You had 2 spell levels left.
You didn't know any spells.
Your spell library was empty.

Dungeon Overview and Level Annotations

Branches:
Dungeon (2/15)

Altars:

Shops:
D:2 *

Annotations:
D:2 Sigmund


Innate Abilities, Weirdness & Mutations

You thrive by killing the living.
You are immune to poison.
You have sharp fingernails.
Your flesh is cold resistant. (rC+)
You are immune to negative energy. (rN+++)
You do not regenerate when monsters are visible.
You are immune to unholy pain and torment.


Message History

You barely miss Sigmund. Sigmund closely misses you.
There are monsters nearby!
You hit Sigmund but do no damage. Sigmund hits you with a +0 scythe.
Sigmund is nearby!
You hit Sigmund.
Sigmund is lightly wounded.
You feel very mighty all of a sudden. Sigmund closely misses you.
The rat barely misses you.
You completely miss Sigmund.
Sigmund is lightly wounded.
The rat bites you but does no damage. You block Sigmund's attack.
The rat bites you but does no damage.
You hit Sigmund.
Sigmund is lightly wounded.
Sigmund gestures at you while chanting. The magic dart hits you!
The rat bites you but does no damage.
You barely miss Sigmund.
Sigmund is lightly wounded.
You block Sigmund's attack. You block the rat's attack.
You sock Sigmund!
Sigmund is heavily wounded.
The rat bites you but does no damage.
Sigmund laughs darkly.
Sigmund gestures wildly while chanting.
Sigmund flickers and vanishes!
Deactivating autopickup; reactivate with Ctrl-A.
You miss something. The rat bites you but does no damage. Something hits you.
The rat misses you.
You miss something.
You hear some strange, mumbled words.
A magic dart appears from out of thin air!
The magic dart hits you.
* * * LOW HITPOINT WARNING * * *
You block the rat's attack.
Unknown command.
You miss something. Something hits you.
* * * LOW HITPOINT WARNING * * *
The rat bites you but does no damage.
You miss something. The rat bites you but does no damage. Something hits you!
You die...

#### ######## ..#
#......# #.#
#.####.#
###.###.####.#
#.........##.#
#.#@##.......#
#....r{##..#.##.#
#.########.......###
#.##......#
#.#####.#.#
#.#####.#.##
##.∩........##
#.....##.<...#
#.....#..)......


You could see a rat.

Vanquished Creatures
  2 ball pythons (D:1)
  3 endoplasms (D:1)
  A giant cockroach (D:1)
  3 goblins
  4 hobgoblins (D:1)
  3 jackals (D:1)
  2 kobolds (D:1)
  2 quokkas (D:1)
  3 bats (D:1)
  2 frilled lizards (D:1)
  5 rats (D:1)
30 creatures vanquished.

Vanquished Creatures (others)
  A plant (D:1)
1 creature vanquished.

Grand Total: 31 creatures vanquished

Notes
Turn   | Place    | Note
-------+----------+-------------------------------------------
     0 | D:1      | HallandMoats the Ghoul Fighter began the quest for the Orb.
     0 | D:1      | Reached XP level 1. HP: 19/19 MP: 0/0
   193 | D:1      | Reached XP level 2. HP: 26/26 MP: 1/1
   708 | D:1      | Reached XP level 3. HP: 33/33 MP: 2/2
  1304 | D:2      | Found Napnytra's Assorted Antiques.
  1341 | D:2      | Noticed Sigmund
  1354 | D:2      | Slain by Sigmund

Illustrated notes

Levels and vault maps discovered:
D:1:      evilmike_arrival_plus, layout_basic, serial_forest,
          infiniplex_forest_lined_1, infiniplex_forest_clump_tiny,
          infiniplex_forest_clump_diagonal, infiniplex_forest_lined_4_way,
          infiniplex_forest_clump_curved, infiniplex_forest_end_2
D:2:      layout_loops_cross, serial_shops, shop,
          ebering_ecumenical_altar_ruins, uniq_natasha, uniq_sigmund

Skill      XL: |  1  2  3 |
---------------+----------+-----
Maces & Flails | 2 |  2.2
Shields        | 3 |  3.0
Fighting       | |  3.8
Armour         | |  2.8
Dodging        | |  0.4

Action                   || total
-------------------------++-------
Melee: Flail             ||    96
  Use: Potion            ||     1
Armor: Scale mail        ||    40
Dodge: Dodged            ||    53
Block: Buckler           ||    19

Table legend: (Time is in decaauts)
 A = Elapsed time spent in this place.
 B = Non-inter-level travel time spent in this place.
 C = Inter-level travel time spent in this place.
 D = Time resting spent in this place.
 E = Time spent auto-exploring this place.
 F = Levels seen in this place.
 G = Mean time per level.
                   A        B        C        D        E       F      G
               +--------+--------+--------+--------+--------+-----+--------+
         Total |   1386 |   1378 |      8 |      0 |   1146 |   2 |  693.0 |
       Dungeon |   1386 |   1378 |      8 |      0 |   1146 |   2 |  693.0 |
               +--------+--------+--------+--------+--------+-----+--------+

Top non-repeatable levels by time:
     D:1: 1332 daAuts
     D:2: 53 daAuts
